AoeStats
← Drunkcrow

Black Forest

509856298Analyzed
3v3 RM · 3d ago on Sep 28, 2026· 68m 26s· 6 players
Game mode
Random Map
Map size
Normal (6 player)
Population
200
Speed
Normal
Resources
Standard
Victory
Conquest
Starting age
Dark Age
Ending age
Imperial Age
RankedLock teamsTeams togetherTeam positionsShared explorationLock speedFull tech treeHidden civsTurbo modeCheats
Victory
Defeat
🇨🇳 Bohemians · China
899
+15
🇲🇾 Danes · Malaysia
872
+16
🇪🇸 Slavs · Spain
852
+16
🇦🇺 Byzantines · Australia
1000
-68
🇦🇺 Hindustanis · Australia
821
-14
🇦🇺 Saracens · Australia
775
-12
kilfal
0:36 Loom
11:09 Feudal Age
11:37 Double-Bit Axe
18:46 Castle Age
16:54 Horse Collar
19:48 Bow Saw
20:29 Heavy Plow
21:37 Wheelbarrow
25:50 Hand Cart
30:39 Imperial Age
28:05 Town Watch
28:46 Ballistics
28:48 Fletching
28:23 Pikeman
29:55 Squires
29:54 Bodkin Arrow
31:04 Chemistry
30:08 Arson
30:48 Town Patrol
30:54 Scale Mail Armor
31:56 Conscription
32:33 Fervor
31:48 Halberdier
33:24 Caravan
34:22 Forging
35:31 Chain Mail Armor
35:55 Siege Engineers
36:03 Wagenburg Tactics
36:08 Caravan
35:56 Light Cavalry
38:41 Two-Man Saw
38:16 Plate Mail Armor
39:50 Iron Casting
39:00 Cavalier
43:45 Blast Furnace
42:32 Houfnice
43:32 Elite Hussite Wagon
48:48 Scale Barding Armor
48:43 Bracer
53:35 Chain Barding Armor
53:28 Masonry
53:14 Murder Holes
58:06 Husbandry
61:24 Padded Archer Armor
65:51 Spies/Treason
MMURIEL
1:39 Loom
12:57 Feudal Age
14:25 Wheelbarrow
13:36 Double-Bit Axe
14:20 Fishing Lines
14:29 Horse Collar
20:22 Castle Age
20:34 Stone Mining
21:29 Hand Cart
21:27 Bow Saw
23:47 Heavy Plow
25:13 Gold Mining
27:01 Gold Shaft Mining
28:19 Fortified Wall
31:09 Detinets
33:10 Scale Barding Armor
33:16 Forging
32:49 Pikeman
33:31 Squires
34:31 Chain Barding Armor
33:56 Man-at-Arms
34:52 Bloodlines
37:17 Iron Casting
37:12 Caravan
38:25 Masonry
38:11 Murder Holes
38:22 Scale Mail Armor
37:45 Long Swordsman
42:06 Imperial Age
39:23 Town Watch
40:57 Husbandry
42:21 Ballistics
42:08 Onager
43:13 Conscription
42:17 Elite Boyar
44:28 Plate Barding Armor
44:54 Blast Furnace
45:17 Chemistry
44:33 Halberdier
45:30 Chain Mail Armor
47:07 Hoardings
46:46 Heavy Scorpion
52:14 Two-Handed Swordsman
Glor. Jie
0:30 Loom
12:03 Feudal Age
13:47 Wheelbarrow
16:48 Double-Bit Axe
19:39 Castle Age
19:14 Horse Collar
21:02 Bow Saw
25:20 Fishing Lines
26:15 Hand Cart
26:45 Gillnets
30:16 Imperial Age
29:09 Town Watch
29:54 Gambesons
29:55 Arson
29:39 Hamask
32:05 Squires
32:14 Gold Mining
32:14 Stone Mining
32:36 Elite Jomsviking
33:38 Conscription
34:37 Hoardings
34:46 Scale Mail Armor
34:56 Forging
35:03 Caravan
35:42 Chain Mail Armor
35:09 Onager
36:56 Iron Casting
37:51 Plate Mail Armor
39:07 Northmen's Fury
39:11 Siege Onager
40:09 Masonry
40:22 Ballistics
40:09 Siege Engineers
42:42 Blast Furnace
46:45 Padded Archer Armor
46:35 Fletching
46:37 Elite Varangian Guard
47:31 Bloodlines
47:22 Husbandry
51:51 Elite Skirmisher
52:37 Thumb Ring
53:40 Leather Archer Armor
Crads
0:34 Loom
13:26 Feudal Age
15:17 Double-Bit Axe
15:15 Horse Collar
17:26 Gold Mining
17:27 Stone Mining
22:02 Castle Age
23:27 Heavy Plow
23:40 Bow Saw
24:11 Gold Shaft Mining
26:00 Wheelbarrow
28:36 Hand Cart
36:25 Imperial Age
34:11 Fortified Wall
36:45 Bloodlines
36:36 Husbandry
38:12 Chemistry
37:49 Conscription
37:02 Heavy Camel Rider
41:23 Elite Mameluke
44:11 Scale Barding Armor
47:01 Bimaristan
47:03 Counterweights
Jondunny
13:52 Feudal Age
16:43 Wheelbarrow
20:57 Loom
24:32 Castle Age
24:48 Castle Age
28:47 Hand Cart
29:32 Scale Barding Armor
30:46 Stone Mining
30:47 Gold Mining
30:53 Gold Mining
31:22 Pikeman
32:03 Squires
31:48 Gambesons
32:06 Husbandry
32:31 Chain Barding Armor
32:22 Horse Collar
33:19 Stone Shaft Mining
33:19 Gold Shaft Mining
32:34 Double-Bit Axe
33:04 Heavy Plow
33:26 Bow Saw
35:50 Greek Fire
Drunkcrow
0:32 Loom
14:06 Feudal Age
18:25 Castle Age
17:38 Double-Bit Axe
19:32 Stone Mining
20:45 Horse Collar
24:29 Wheelbarrow
25:26 Bow Saw
36:17 Imperial Age
34:17 Heavy Plow
35:08 Ballistics
34:59 Fortified Wall
35:00 Masonry
34:39 Elite Skirmisher
35:13 Light Cavalry
38:02 Chemistry
37:09 Siege Engineers
37:14 Masonry
37:22 Bloodlines
37:16 Husbandry
37:08 Hussar
38:09 Crossbowman
39:30 Fletching
39:46 Scale Barding Armor
Connection lost

Rejoining the realm…

Still unreachable

The connection could not be restored.

Session expired

The server has moved on; the page needs a fresh start.